 Dungeon Crawl Stone Soup version 0.25-a0-1024-gbfbf38f2cb (webtiles) character file.

Game seed: 14584425739188187524, levelgen mode: deterministic

3931 Flugslaktarn the Cleaver (level 10, -15/105 (108) HPs)
             Began as an Octopode Monk on May 12, 2020.
             Was an Initiate of Gozag.
             Killed from afar by a steam dragon (17 damage)
             ... with a ball of steam
             ... on level 8 of the Dungeon.
             The game lasted 00:05:12 (10066 turns).

Flugslaktarn the Cleaver (Octopode Monk)           Turns: 10066, Time: 00:05:12

HP:   -15/105 (108) AC:  1    Str: 10    XL:     10   Next: 21%
MP:   10/10         EV: 22    Int: 19    God:    Gozag
Gold: 710           SH:  0    Dex: 18    Spells: 9/9 levels left

rFire    . . .     SeeInvis .   q - +0 broad axe
rCold    . . .     Gourm    .   (no shield)
rNeg     . . .     Faith    .   (helmet restricted)
rPois    +         Spirit   .   d - amulet of the Messenger {Acrobat rPois Int+2}
rElec    .         Reflect  .   o - ring of poison resistance
rCorr    .         Harm     .   l - +4 ring of intelligence
MR       .....                  v - +3 ring of evasion
Stlth    ..........             (no ring)
HPRegen  0.27/turn              (no ring)
MPRegen  0.12/turn              (no ring)
                                (no ring)
                                (no ring)

@: berserking, gold aura, very quick
A: almost no armour, stealthy swim, amphibious, 8 rings, constrict 8, camouflage
1, gelatinous body 1
a: Potion Petition, Call Merchant, Bribe Branch, Renounce Religion


You were on level 8 of the Dungeon.
You worshipped Gozag.
Gozag was pleased with you.
You were not hungry.

You visited 2 branches of the dungeon, and saw 9 of its levels.

You collected 950 gold pieces.
You spent 240 gold pieces at shops.

Inventory:

Hand Weapons
 a - a +0 hand axe
 b - a +2 dagger of venom
   (You took it off a goblin on level 1 of the Dungeon)
 q - a +0 broad axe (weapon)
   (You took it off an orc wizard on level 5 of the Dungeon)
Missiles
 f - a throwing net (quivered)
Jewellery
 d - the amulet of the Messenger (around mantle) {Acrobat rPois Int+2}
   (You found it on level 7 of the Dungeon)

   [amulet of the acrobat]

   It helps you evade while moving and waiting.
   It affects your intelligence (+2).
   It protects you from poison.
 l - a +4 ring of intelligence (right tentacle)
   (You found it on level 4 of the Dungeon)
 o - a ring of poison resistance (left tentacle)
   (You bought it in a shop on level 5 of the Dungeon)
 v - a +3 ring of evasion (on tentacle)
   (You found it on level 5 of the Dungeon)
Wands
 c - a wand of paralysis (6)
   (You found it on level 5 of the Dungeon)
 p - a wand of acid (4)
   (You found it on level 5 of the Dungeon)
 u - a wand of enslavement (9)
   (You found it on level 7 of the Dungeon)
Scrolls
 h - a scroll of acquirement {unknown}
 j - 2 scrolls of magic mapping
 m - a scroll of immolation
 r - a scroll of identify
 t - a scroll of enchant armour
 x - a scroll of remove curse
Potions
 g - 2 potions of stabbing {unknown}
 k - 4 potions of invisibility
 n - a potion of resistance
 s - a potion of flight
 w - a potion of lignification
Comestibles
 e - 4 rations


   Skills:
 + Level 7.8 Fighting
 * Level 10.6 Axes
 + Level 7.8 Dodging
 - Level 2.6 Stealth


You had 9 spell levels left.
You didn't know any spells.
Your spell library was empty.

Dungeon Overview and Level Annotations

Branches:
Dungeon (8/15)             Temple (1/1) D:4
   Lair: D:8-11

Altars:
Ashenzari
Cheibriados
Dithmenos
Elyvilon
Fedhas
Gozag
Hepliaklqana
Kikubaaqudgha
Makhleb
Nemelex Xobeh
Okawaru
Qazlal
Ru
Sif Muna
Trog
Uskayaw
Vehumet
Wu Jian
Xom
Yredelemnul
Zin
The Shining One

Shops:
D:5 =


Innate Abilities, Weirdness & Mutations

You cannot wear most types of armour.
You are very stealthy in the water. (Stealth+)
You are amphibious.
You can wear up to eight rings at the same time.
You can use your tentacles to constrict eight enemies at once.
Your skin changes colour to match your surroundings (Stealth+).
Your rubbery body absorbs attacks. (AC +1, EV +1)


Message History

The wyvern zombie is destroyed!
You see here an arrow.
The steam dragon completely misses you. x2
You see here 2 arrows.
A red film seems to cover your vision as you go berserk!
You feel yourself moving faster!
You feel mighty! The steam dragon closely misses you.
The steam dragon claws you.
* * * LOW HITPOINT WARNING * * *
You hit the steam dragon but do no damage.
The steam dragon is lightly wounded.
The steam dragon bites you!
* * * LOW HITPOINT WARNING * * *
The steam dragon claws you.
* * * LOW HITPOINT WARNING * * *
You hit the steam dragon.
The steam dragon is lightly wounded.
The steam dragon breathes steam at you. The ball of steam hits you!
You die...
Your body crumbles into a pile of gold.

... #.# ≈≈≈≈..≈ #.# ≈≈≈≈≈≈≈
#.# ≈.≈≈≈≈≈ #.########
.≈≈≈≈;≈ #.#......# ..≈≈≈≈≈
#.#.####.##### .≈≈≈≈≈≈
#.#+##.....).#
.≈≈≈≈≈;######@.§.........#
.....{≈$≈.'{.(.D(.§.....<...#
≈...≈≈≈≈..#####$§§..........#
≈≈.≈≈.≈≈.... .#.............#
≈;.≈≈≈.....##.#.............#
≈≈.≈≈≈≈....#..#§######......#
.≈.≈≈≈.≈≈..#.##.# #...#.###
.≈.≈≈≈≈$...h....# #.###.#
...≈≈.$≈..###########.###.#


You could see a steam dragon (catching breath).

Vanquished Creatures
  Harold (D:7)
  A troll (D:8)
  Prince Ribbit (D:7)
  A water moccasin (D:7)
  A sky beast (D:5)
  An ice beast (D:7)
  A black bear (D:7)
  3 necrophages (D:7)
  2 wolves (D:8)
  4 centaurs
  3 bullfrogs
  A wyvern zombie (D:7)
  A water moccasin zombie (D:7)
  2 electric eels (D:8)
  A bullfrog zombie (D:5)
  A crimson imp (D:5)
  3 howler monkeys (D:6)
  A centaur zombie (D:6)
  9 hounds
  2 orc priests
  9 orc wizards
  A centaur skeleton (D:6)
  2 iguanas (D:7)
  7 worker ants
  A hound skeleton (D:4)
  12 adders
  3 shadow imps
  An ooze (D:7)
  An adder zombie (D:6)
  2 worms
  3 dart slugs
  4 leopard geckos
  28 orcs
  7 giant cockroaches
  6 goblins
  6 hobgoblins
  8 jackals
  5 kobolds
  3 quokkas
  A ball python skeleton (D:4)
  6 bats
  6 frilled lizards
  A jackal skeleton (D:4)
  A leopard gecko zombie (D:7)
  A quokka skeleton (D:7)
  2 quokka zombies (D:7)
  2 rats (D:2)
  A bush (D:7)
  A plant (D:7)
171 creatures vanquished.

Vanquished Creatures (others)
  A wyvern zombie (D:8)
  5 plants (D:7)
6 creatures vanquished.

Grand Total: 177 creatures vanquished

Notes
Turn   | Place    | Note
-------+----------+-------------------------------------------
     0 | D:1      | Flugslaktarn the Octopode Monk began the quest for the Orb.
     0 | D:1      | Reached XP level 1. HP: 16/16 MP: 1/1
    36 | D:1      | Reached XP level 2. HP: 7/21 MP: 2/2
   765 | D:1      | Reached XP level 3. HP: 26/26 MP: 3/3
  1647 | D:2      | Reached skill level 4 in Axes
  1693 | D:2      | Reached XP level 4. HP: 31/31 MP: 4/4
  2146 | D:3      | Reached XP level 5. HP: 36/37 MP: 5/5
  2219 | D:3      | Found a faded altar of an unknown god.
  2923 | D:3      | Reached skill level 5 in Axes
  2998 | D:4      | Reached XP level 6. HP: 43/43 MP: 6/6
  3155 | D:4      | Found a glowing golden altar of the Shining One.
  3231 | D:4      | Found a staircase to the Ecumenical Temple.
  3260 | Temple   | Entered the Ecumenical Temple
  3461 | Temple   | Became a worshipper of Gozag Ym Sagoz the Greedy
  4370 | D:4      | Found a burning altar of Makhleb.
  4554 | D:5      | Entered Level 5 of the Dungeon
  4568 | D:5      | Reached XP level 7. HP: 28/49 MP: 7/7
  4767 | D:5      | Reached skill level 6 in Axes
  5237 | D:5      | Reached skill level 5 in Fighting
  5243 | D:5      | Reached skill level 5 in Dodging
  5352 | D:5      | Found Esiwk's Jewellery Boutique.
  5356 | D:5      | Bought an uncursed ring of poison resistance for 240 gold
                  | pieces
  5779 | D:5      | Found a hide-covered altar of Uskayaw.
  5992 | D:6      | Reached XP level 8. HP: 46/55 MP: 8/8
  6106 | D:6      | Reached skill level 7 in Axes
  6119 | D:6      | Found an ancient bone altar of Kikubaaqudgha.
  6793 | D:7      | Noticed Harold
  6813 | D:7      | Killed Harold
  6813 | D:7      | Reached skill level 8 in Axes
  6813 | D:7      | Reached XP level 9. HP: 51/63 MP: 9/9
  6818 | D:7      | Got a scintillating brass amulet
  6825 | D:7      | Identified the amulet of the Messenger {Acrobat rPois
                  | Int+2} (You found it on level 7 of the Dungeon)
  7186 | D:7      | Reached skill level 9 in Axes
  7425 | D:7      | Noticed Prince Ribbit
  7430 | D:7      | Killed Prince Ribbit
  7580 | D:7      | Found a blossoming altar of Fedhas.
  8426 | D:8      | Noticed a troll
  8430 | D:8      | Reached skill level 10 in Axes
  8872 | D:8      | Killed a troll
  8872 | D:8      | Reached XP level 10. HP: 50/69 MP: 10/10
 10065 | D:8      | HP: 3/105 [steam dragon (9)]
 10065 | D:8      | HP: 1/105 [steam dragon (2)]
 10066 | D:8      | Killed from afar by a steam dragon

Illustrated notes

Levels and vault maps discovered:
D:1:      tarquinn_simple_flora_water_e, layout_basic
D:2:      layout_loops_cross, minmay_tree_intersection, corexii_corridor_pit
D:3:      layout_rooms, chequers_ecumenical_altar_simple_redux
D:4:      layout_basic, lightli_temple_of_fire, minmay_temple_entry_mini_moons,
          corner_web_ring, tso_metal_star
D:5:      layout_loops_ring, lemuel_round_altar, serial_shops, shop,
          first_ration
D:6:      layout_gridville, kiku_gazebo_pond_becter
D:7:      layout_loops_ring, fedhas_altar_decomposition, uniq_prince_ribbit1,
          uniq_harold
D:8:      layout_basic, erik_lair_island, minmay_ruffians
Temple:   regret_index_temple_mists

Skill      XL: |  1  2  3  4  5  6  7  8  9 |
---------------+----------------------------+-----
Axes           | 4 5 6 8 10 | 10.6
Fighting       | 4 5 6 7 |  7.8
Dodging        | 4 5 6 7 |  7.8
Stealth        | |  2.6

Action                   |  1- 3 |  4- 6 |  7- 9 | 10-12 || total
-------------------------+-------+-------+-------+-------++-------
Melee: Hand axe          |    28 |       |       |       ||    28
       Constrict         |    15 |    35 |    36 |     7 ||    93
       Tentacles         |     8 |    30 |    54 |     9 ||   101
       Dagger            |    24 |   130 |    33 |       ||   187
       Broad axe         |       |       |   177 |    30 ||   207
       Unarmed           |       |       |    16 |       ||    16
Evoke: Wand              |       |       |       |     6 ||     6
  Use: Scroll            |       |       |    15 |       ||    15
       Potion            |       |       |     1 |     1 ||     2
 Stab: Sleeping          |     7 |    13 |     9 |       ||    29
       Distracted        |     1 |       |     2 |       ||     3
       Confused          |       |       |     4 |       ||     4
  Eat: Chunk             |     2 |     5 |       |       ||     7
       Ration            |       |     1 |     5 |     1 ||     7
Armor: Skin              |       |     4 |     4 |       ||     8
Dodge: Dodged            |    29 |   104 |   182 |    66 ||   381

Table legend:
 A = Non-vault XP
 B = Vault XP
 C = Vault XP percentage of total XP
 D = Non-vault monster count
 E = Vault monster count
 F = Vault count percentage of total count
                 A         B        C        D         E       F
            +---------+---------+-------+---------+---------+-------
      Total |    3054 |    2563 |  45.6 |     152 |      18 |  10.6
            +---------+---------+-------+---------+---------+-------
        D:1 |      39 |       0 |   0.0 |      20 |       0 |   0.0
        D:2 |      45 |       0 |   0.0 |      10 |       0 |   0.0
        D:3 |     216 |       0 |   0.0 |      31 |       0 |   0.0
        D:4 |     182 |       0 |   0.0 |      20 |       0 |   0.0
        D:5 |     641 |       0 |   0.0 |      21 |       0 |   0.0
        D:6 |     387 |       0 |   0.0 |      13 |       0 |   0.0
        D:7 |     929 |    1808 |  66.1 |      23 |      10 |  30.3
        D:8 |     615 |     755 |  55.1 |      14 |       8 |  36.4
            +---------+---------+-------+---------+---------+-------
